Map: Frozen Temple

Players

FunnyWolf - Winner!

  • Race: Terran Terran
  • League: Platinum
  • Spawn Location: 5:00

Amix

  • Race: Terran Terran
  • League: Platinum
  • Spawn Location: 11:00

VOD

Have the link to the VOD?

Description

Time

  • Played on: Nov. 6, 2016, 11:13 a.m.
  • Length: 3:38
Show
View Real Time Build Order
Export as new Build Order

FunnyWolf Terran - Winner!

Build Orders:  

Get SALT Encoding   

  12  0:03  SCV  
  13  0:15  SCV  
  13  0:19  Supply Depot  
  14  0:41  Barracks  
  14  0:48  Refinery  
  15  0:50  SCV  
  15  0:59  Barracks  
  15  1:08  SCV  
  16  1:22  Barracks  
  16  1:33  Reaper  
  16  1:37  SCV  
  18  1:43  Refinery  
  18  1:51  Reaper  
  20  1:54  SCV  
  20  2:06  SCV  
  21  2:11  Supply Depot, Reaper  
  22  2:31  Reaper  
  23  3:04  Reaper  
Show
View Real Time Build Order
Export as new Build Order

Amix Terran 

Build Orders:  

Get SALT Encoding   

  12  0:02  SCV  
  13  0:14  SCV  
  13  0:18  Refinery  
  14  0:28  Supply Depot  
  14  0:32  SCV  
  15  0:50  SCV  
  15  0:55  Barracks  
  16  1:02  SCV  
  17  1:14  SCV  
  18  1:26  SCV  
  18  1:29  Barracks  
  19  1:39  Refinery  
  20  1:42  Supply Depot  
  20  1:45  Orbital Command  
  19  1:56  Marine  
  20  2:14  SCV  
  21  2:22  Barracks Reactor x2  
  21  2:26  SCV  
  21  2:38  SCV  
Tags
 
Add a new tag
Caveats
  • Supply blocks, unpowered buildings, or Contaminate may cause inaccurate times.
  • Supply counts are checked every 10 seconds.